 Dungeon Crawl Stone Soup version 0.29.1-15-g9cfb28693d (webtiles) character file.

Game seed: 15064744367628026158

72 jtron the Covert (level 4, 0/32 HPs)
             Began as a Gnoll Wanderer on Mar 21, 2023.
             Slain by a river rat (4 damage)
             ... on level 2 of the Dungeon.
             The game lasted 00:03:15 (2267 turns).

jtron the Covert (Gnoll Wanderer)                   Turns: 2267, Time: 00:03:15

Health: 0/32       AC:  3    Str: 13    XL:     4   Next: 25%
Magic:  5/5        EV: 14    Int: 12    God:
Gold:   99         SH:  0    Dex: 17    Spells: 5/5 levels left

rFire   + . .      SeeInvis .   a - +0 dagger
rCold   x . .      Faith    .   (no shield)
rNeg    . . .      Spirit   .   g - +0 leather armour
rPois   .          Reflect  .   (no helmet)
rElec   .          Harm     .   (no cloak)
rCorr   .          Rampage  .   (no gloves)
Will    +....                   (no boots)
Stlth   ++++......              (no amulet)
HPRegen 0.10/turn               u - ring "Luufrot" {Fire Will+ Str+3 Int+3}
MPRegen 0.09/turn               (no ring)

@: no status effects
A: fangs 1, strong nose, distributed training
a: no special abilities


You were on level 2 of the Dungeon.
You visited 1 branch of the dungeon, and saw 3 of its levels.

You collected 99 gold pieces.

Inventory:

Hand Weapons
 a - a +0 dagger (weapon)
 b - a +0 sling
Missiles
 c - 2 datura-tipped darts
 d - an atropa-tipped dart (quivered)
 j - 10 poisoned darts
 l - a throwing net
Armour
 g - a +0 leather armour (worn)
Magical Staves
 r - a staff of air
Jewellery
 u - the ring "Luufrot" (left hand) {Fire Will+ Str+3 Int+3}
   (You found it on level 2 of the Dungeon)

   [ring of fire]

   It enhances your fire magic.
   Str:       It affects your strength (+3).
   Int:       It affects your intelligence (+3).
   rF:        It protects you from fire.
   rC:        It makes you vulnerable to cold.
   Will:      It increases your willpower.
Scrolls
 e - 2 scrolls of butterflies
 s - a scroll of identify
 t - a scroll of teleportation {unknown}
 v - a scroll of blinking {unknown}
 w - a scroll of fear {unknown}
Potions
 f - a potion of attraction
 h - 2 potions of flight {unknown}
 k - 3 potions of mutation
 m - 2 potions of cancellation
 n - a potion of might {unknown}
 o - a potion of ambrosia {unknown}
 p - a potion of heal wounds {unknown}
 q - 2 potions of degeneration {unknown}


   Skills:
 + Level 1.1 Fighting
 + Level 1.1 Short Blades
 + Level 1.1 Long Blades
 + Level 1.1 Axes
 + Level 1.1 Maces & Flails
 + Level 1.1 Polearms
 + Level 1.1 Staves
 + Level 2.7 Ranged Weapons
 + Level 1.1 Throwing
 + Level 2.7 Armour
 + Level 4.6 Dodging
 + Level 9.6 Stealth
 + Level 1.1 Shields
 + Level 1.1 Unarmed Combat
 + Level 1.1 Spellcasting
 + Level 0.9 Conjurations
 + Level 0.9 Hexes
 + Level 0.9 Summonings
 + Level 0.9 Necromancy
 + Level 0.9 Translocations
 + Level 0.9 Transmutations
 + Level 0.9 Fire Magic
 + Level 0.9 Ice Magic
 + Level 0.9 Air Magic
 + Level 0.9 Earth Magic
 + Level 0.9 Poison Magic
 + Level 1.2 Invocations
 + Level 2.7 Evocations


You had 5 spell levels left.
You didn't know any spells.
Your spell library contained the following spells:

 Spells                   Type           Power      Damage    Failure   Level
 Portal Projectile        Hex/Tloc       4%         N/A       61%         3
 Tukima's Dance           Hex            2%         N/A       61%         3
 Blade Hands              Tmut           1%         N/A       100%        5


Dungeon Overview and Level Annotations

Branches:
Dungeon (3/15)

Altars:
Cheibriados


Innate Abilities, Weirdness & Mutations

You have very sharp teeth.
Your uncanny sense of smell can sniff out nearby items.
Your experience applies equally to all skills.


Message History

You hit the river rat.
You bite the river rat, but do no damage.
The river rat is heavily wounded.
The kobold misses you. The river rat bites you.
You are too injured to fight recklessly!
You are too injured to fight recklessly!
You are too injured to fight recklessly!
You are too injured to fight recklessly!
You are too injured to fight recklessly!
You are too injured to fight recklessly!
You are too injured to fight recklessly!
You are too injured to fight recklessly!
You are too injured to fight recklessly!
You are too injured to fight recklessly!
You are too injured to fight recklessly!
You are too injured to fight recklessly!
The kobold hits you with a +0 dagger. The river rat misses you.
You climb upwards.
There is a stone staircase leading down here.
The river rat attacks as you move away! The river rat bites you.
* * * LOW HITPOINT WARNING * * *
You feel better. The river rat bites you.
* * * LOW HITPOINT WARNING * * *
You feel better. The river rat bites you!
* * * LOW HITPOINT WARNING * * *
You hit the river rat but do no damage. You bite the river rat.
The river rat is heavily wounded.
The river rat twitches its whiskers.
The river rat misses you.
You hit the river rat but do no damage. Your bite misses the river rat.
The river rat is heavily wounded.
The river rat bites you.
* * * LOW HITPOINT WARNING * * *
You feel better. The river rat bites you!
* * * LOW HITPOINT WARNING * * *
You hit the river rat but do no damage.
You bite the river rat, but do no damage.
The river rat is heavily wounded.
The river rat bites you.
You die...

...............................#
.......####....................#
.......# #..........###########
.......# #.........## ..#..###
#.........# ..##..## #.........#
..###..# #.........# ..# ##.#
######.#### ..# #.# #@#
######### ..# ##'#### ##r#
###.......# ..# #.....#####.K#
#.......#.# .##
#........##.######.#.###.#.# .#
#..[.###..>......#.#.# #.#.# .#
#....# #.....###.#.#.###.#.# .#
#....# #.....###.#.#.....#.# .#
#....# #.......)..).....##.# .#
#....# #)................#.#


You could see a river rat and a kobold.

Vanquished Creatures
  2 adders (D:2)
  2 dart slugs
  4 ball pythons
  5 endoplasms
  4 giant cockroaches
  6 goblins
  2 hobgoblins (D:1)
  9 kobolds
  2 quokkas (D:1)
  4 bats (D:1)
  2 frilled lizards (D:1)
  4 rats (D:1)
46 creatures vanquished.

Notes
Turn   | Place    | Note
-------+----------+-------------------------------------------
     0 | D:1      | Reached skill level 9 in Stealth
     0 | D:1      | jtron the Gnoll Wanderer began the quest for the Orb.
     0 | D:1      | jtron set off with the following items: a +0 dagger, an
                  | atropa-tipped dart, 2 datura-tipped darts, a +0 sling, a
                  | scroll of butterflies, a potion of attraction, a +0 leather
                  | armour.
     0 | D:1      | Reached XP level 1. HP: 13/13 MP: 1/1
   344 | D:1      | Reached XP level 2. HP: 18/19 MP: 2/2
   621 | D:1      | Reached XP level 3. HP: 25/25 MP: 3/3
   986 | D:1      | Reached skill level 1 in Invocations
  1001 | D:1      | Found a faded altar of an unknown god.
  1348 | D:2      | Reached skill level 1 in Fighting
  1348 | D:2      | Reached skill level 1 in Short Blades
  1348 | D:2      | Reached skill level 1 in Long Blades
  1348 | D:2      | Reached skill level 1 in Axes
  1348 | D:2      | Reached skill level 1 in Maces & Flails
  1348 | D:2      | Reached skill level 1 in Polearms
  1348 | D:2      | Reached skill level 1 in Staves
  1348 | D:2      | Reached skill level 1 in Throwing
  1348 | D:2      | Reached skill level 1 in Shields
  1348 | D:2      | Reached skill level 1 in Unarmed Combat
  1348 | D:2      | Reached skill level 1 in Spellcasting
  1386 | D:2      | Found a snail-covered altar of Cheibriados.
  1493 | D:2      | Reached XP level 4. HP: 15/32 MP: 5/5
  1817 | D:2      | Identified the ring "Luufrot" {Fire Will+ Str+3 Int+3}
  2265 | D:2      | HP: 1/32 [river rat (3)]
  2267 | D:2      | Slain by a river rat

Illustrated notes

Levels and vault maps discovered:
D:1:      dpeg_arrival_tiny_a, layout_rooms, basic_ecumenical_altar
D:2:      layout_basic, basic_altar, dk_vineyard_3
D:3:      layout_rooms, portal_sewer_entry_a, minivault_4

Skill      XL: |  1  2  3 |
---------------+----------+-----
Stealth        | |  9.6
Invocations    | 1 |  1.2
Fighting       | 1 |  1.1
Short Blades   | 1 |  1.1
Long Blades    | 1 |  1.1
Axes           | 1 |  1.1
Maces & Flails | 1 |  1.1
Polearms       | 1 |  1.1
Staves         | 1 |  1.1
Throwing       | 1 |  1.1
Shields        | 1 |  1.1
Unarmed Combat | 1 |  1.1
Spellcasting   | 1 |  1.1
Ranged Weapons | |  2.7
Armour         | |  2.7
Dodging        | |  4.6
Conjurations   | |  0.9
Hexes          | |  0.9
Summonings     | |  0.9
Necromancy     | |  0.9
Translocations | |  0.9
Transmutations | |  0.9
Fire Magic     | |  0.9
Ice Magic      | |  0.9
Air Magic      | |  0.9
Earth Magic    | |  0.9
Poison Magic   | |  0.9
Evocations     | |  2.7

Action                   |  1- 3 |  4- 6 || total
-------------------------+-------+-------++-------
Melee: Dagger            |   125 |    37 ||   162
       Bite              |    12 |     8 ||    20
       Punch             |     2 |     2 ||     4
 Fire: Sling             |       |     2 ||     2
  Use: Scroll            |       |     3 ||     3
       Potion            |       |     3 ||     3
 Stab: Sleeping          |    15 |     4 ||    19
Armor: Leather armour    |    31 |     3 ||    34
Dodge: Dodged            |    78 |    24 ||   102
